 Dungeon Crawl Stone Soup version 0.29-a0-553-g81b289dbe5 (webtiles) character file.

Game seed: 16451655972290011437

43 KristoblXynda the Slasher (level 3, 0/29 HPs)
             Began as a Vampire Berserker on June 7, 2022.
             Was a Follower of Trog.
             Succumbed to a scorpion's poison
             ... on level 2 of the Dungeon.
             The game lasted 00:01:07 (1402 turns).

KristoblXynda the Slasher (Vampire Berserker)       Turns: 1402, Time: 00:01:07

Health: 0/29       AC:  5    Str: 18    XL:     3   Next: 37%
Magic:  3/3        EV: 11    Int:  9    God:    Trog [*.....]
Gold:   110        SH:  0    Dex: 13    Spells: 2/2 levels left

rFire   . . .      SeeInvis +   a - +0 falchion
rCold   . . .      Faith    .   (no shield)
rNeg    . . .      Spirit   .   f - +0 ring mail
rPois   .          Reflect  .   (no helmet)
rElec   .          Harm     .   (no cloak)
rCorr   .          Rampage  .   (no gloves)
Will    .....                   (no boots)
Stlth   +.........              (no amulet)
HPRegen 0.29/turn               (no ring)
MPRegen 0.08/turn               (no ring)

@: lethally poisoned (0 -> -2), attractive, flying, healing quickly
A: alive, fangs 3, see invisible, vampiric 2
a: Exsanguinate, Renounce Religion, Berserk


You were on level 2 of the Dungeon.
You worshipped Trog.
Trog was aware of your devotion.
You visited 1 branch of the dungeon, and saw 2 of its levels.

You collected 110 gold pieces.

Inventory:

Hand Weapons
 a - a +0 falchion (weapon)
Armour
 f - a +0 ring mail (worn)
Scrolls
 b - a scroll of magic mapping {unknown}
 c - a scroll of teleportation {unknown}
 e - a scroll of vulnerability {unknown}
 g - a scroll of fear {unknown}
 i - a scroll of poison {unknown}
Potions
 h - a potion of flight


   Skills:
 + Level 3.0 Fighting
 + Level 3.4 Long Blades
 + Level 2.1 Armour
 + Level 2.9 Dodging


You had 2 spell levels left.
You didn't know any spells.
Your spell library was empty.

Dungeon Overview and Level Annotations

Branches:
Dungeon (2/15)

Altars:


Innate Abilities, Weirdness & Mutations

Your natural rate of healing is accelerated.
You have razor-sharp teeth.
You have supernaturally acute eyesight. (SInv)
You are afflicted with vampirism and can become a bat while bloodless.


Message History

The scorpion stings you but does no damage.
You slash the scorpion!
The scorpion is heavily wounded.
The scorpion barely misses you.
You closely miss the scorpion.
The scorpion is heavily wounded.
The scorpion stings you.
You are poisoned.
The scorpion poisons you! The scorpion stings you.
You closely miss the scorpion.
The scorpion is heavily wounded.
* * * LOW HITPOINT WARNING * * *
You feel very sick. The scorpion closely misses you.
Unknown command.
It was a potion of flight.
You feel very buoyant.
You fly up into the air.
* * * LOW HITPOINT WARNING * * *
You feel sick.
The scorpion stings you but does no damage.
Unknown command.
It was a potion of attraction.
You feel attractive to monsters.
* * * LOW HITPOINT WARNING * * *
You feel sick.
The scorpion stings you but does no damage. x2
You hit the scorpion.
The scorpion is severely wounded.
* * * LOW HITPOINT WARNING * * *
You feel sick. The scorpion stings you.
* * * LOW HITPOINT WARNING * * *
You barely miss the scorpion.
The scorpion is severely wounded.
* * * LOW HITPOINT WARNING * * *
You feel sick.
The scorpion stings you but does no damage.
You barely miss the scorpion.
The scorpion is severely wounded.
You die...

##..# #.#.# ....#
#.#.# .#### ##.#.#
.# #..#.# .#
#######.##.#
.######.......##.#
..............##.#
8.⌠.8..........#.#
...............#@#
⌠._.⌠..........#s#
...............#.>
8.⌠.8..........##.#
..............## .#
..####........# .#
### .......... ..
.......... ##


You could see a scorpion.

Vanquished Creatures
  A worm (D:2)
  A dart slug (D:1)
  4 ball pythons
  5 bats
  An endoplasm (D:2)
  A giant cockroach (D:2)
  5 goblins
  7 jackals (D:2)
  4 kobolds
  2 frilled lizards
  2 rats
33 creatures vanquished.

Notes
Turn   | Place    | Note
-------+----------+-------------------------------------------
     0 | D:1      | KristoblXynda the Vampire Berserker began the quest for the
                  | Orb.
     0 | D:1      | Reached XP level 1. HP: 17/17 MP: 1/1
   466 | D:1      | Reached XP level 2. HP: 17/23 MP: 2/2
  1126 | D:2      | Gained mutation: You are afflicted with vampirism and can
                  | become a bat while bloodless. [Vampire growth]
  1126 | D:2      | Reached XP level 3. HP: 28/29 MP: 3/3
  1183 | D:2      | Found a faded altar of an unknown god.
  1388 | D:2      | Noticed a scorpion
  1401 | D:2      | HP: 1/29 [poisoned by a scorpion]
  1402 | D:2      | Succumbed to a scorpion's poison

Illustrated notes

Levels and vault maps discovered:
D:1:      eino_arrival_water_cross, layout_loops_cross, serial_forest,
          infiniplex_forest_clump_curved, infiniplex_forest_straight_3,
          infiniplex_forest_clump_small, infiniplex_forest_zigzag_2,
          infiniplex_forest_end_2, infiniplex_forest_end_2,
          infiniplex_forest_lined_room_, infiniplex_forest_end_3,
          infiniplex_forest_lined_room_2, serial_bayou_lagoon_b
D:2:      layout_rooms, hellmonk_ecumenical_altar_dog_temple, patterned_corridor

Skill      XL: |  1  2 |
---------------+-------+-----
Fighting       | 3 |  3.0
Armour         | 2 |  2.1
Long Blades    | |  3.4
Dodging        | |  2.9

Action                   || total
-------------------------++-------
Melee: Falchion          ||    96
       Bite              ||    11
  Use: Potion            ||     2
Armor: Ring mail         ||    53
Dodge: Dodged            ||    64

Table legend: (Time is in decaauts)
 A = Elapsed time spent in this place.
 B = Non-inter-level travel time spent in this place.
 C = Inter-level travel time spent in this place.
 D = Time resting spent in this place.
 E = Time spent auto-exploring this place.
 F = Levels seen in this place.
 G = Mean time per level.
                   A        B        C        D        E       F      G
               +--------+--------+--------+--------+--------+-----+--------+
         Total |   1443 |   1422 |     21 |    140 |   1058 |   2 |  721.5 |
       Dungeon |   1443 |   1422 |     21 |    140 |   1058 |   2 |  721.5 |
               +--------+--------+--------+--------+--------+-----+--------+

Top non-repeatable levels by time:
     D:1: 878 daAuts
     D:2: 564 daAuts
